 Dungeon Crawl Stone Soup version 0.31-a0-259-g771a54ca4b (webtiles) character file.

Game seed: 14763710974438425124

112 qw the Shooter (level 4, -4/26 HPs)
             Began as a Gargoyle Hexslinger on July 13, 2023.
             Slain by Natasha (8 damage)
             ... on level 4 of the Dungeon.
             The game lasted 00:01:00 (2907 turns).

qw the Shooter (Gargoyle Hexslinger)                Turns: 2907, Time: 00:01:00

Health: -4/26      AC:  9    Str: 11    XL:     4   Next: 93%
Magic:  5/5        EV: 10    Int: 14    God:
Gold:   99         SH:  0    Dex: 14    Spells: 4/5 levels left

rFire   . . .        Y - +2 sling
rCold   + . .        (no shield)
rNeg    + . .        e - +0 ring mail
rPois   inf          (no helmet)
rElec   +            (no cloak)
rCorr   .            (no gloves)
SInv    .            c - +0 pair of boots
Will    .....        (no amulet)
Stlth   +            d - ring of protection from cold
HPRegen 0.24/turn    (no ring)
MPRegen 0.09/turn

%: no passive effects
@: about to teleport
A: sickness immunity, AC +3, negative energy resistance 1, electricity
resistance, torment resistance 1, petrification resistance
a: no special abilities


You were on level 4 of the Dungeon.
You visited 1 branch of the dungeon, and saw 4 of its levels.

You collected 162 gold pieces.
You spent 63 gold pieces at shops.


Innate Abilities, Weirdness & Mutations

You are immune to sickness and miasma.
Your stone body is resilient. (AC +3)
You are immune to poison.
You resist negative energy. (rN+)
You are resistant to electric shocks. (rElec)
You are resistant to unholy torment.
You are immune to petrification.


   Skills:
 - Level 2.0 Fighting
 + Level 4.4 Ranged Weapons
 - Level 1.1 Armour
 - Level 1.5 Dodging
 - Level 1.0 Spellcasting
 - Level 2.6 Hexes


You had 4 spell levels left.
You knew the following spells:

 Your Spells              Type           Power      Damage    Failure   Level
a - Slow                  Hex            32%        N/A       21%         1

Your spell library contained the following spells:

 Spells                   Type           Power      Damage    Failure   Level
 Inner Flame              Hex/Fire       4%         N/A       71%         3
 Portal Projectile        Hex/Tloc       8%         N/A       71%         3
 Cause Fear               Hex            4%         N/A       90%         4

Inventory:

Hand Weapons
 Y - a +2 sling (weapon)
Armour
 c - a +0 pair of boots (worn)
 e - a +0 ring mail (worn)
Jewellery
 d - a ring of protection from cold (left hand)
Scrolls
 h - a scroll of identify
Potions
 a - a potion of haste {unknown}
 b - a potion of curing {unknown}
 f - a potion of heal wounds {unknown}

Dungeon Overview and Level Annotations

Branches:
Dungeon (4/15)
 Temple: D:4-7

Altars:
Ashenzari
Gozag
Wu Jian

Shops:
D:2 *

Annotations:
D:4 Natasha


Message History

You shoot a sling bullet.
The sling bullet closely misses the cerulean imp.
The cerulean imp hits you but does no damage.
The cerulean imp hits you from afar with a +2 spear.
You shoot a sling bullet.
The sling bullet barely misses the cerulean imp.
The cerulean imp hits you but does no damage.
You shoot a sling bullet. The sling bullet hits the cerulean imp.
You kill the cerulean imp!
The cerulean imp disappears in a puff of smoke!
You shoot a sling bullet. The sling bullet barely misses Natasha.
Natasha casts a spell at you. The magic dart hits you.
You shoot a sling bullet.
The sling bullet closely misses Natasha.
Natasha barely misses you.
You shoot a sling bullet. The sling bullet hits Natasha.
Natasha is heavily wounded.
Natasha closely misses you.
You shoot a sling bullet. The sling bullet barely misses Natasha.
Natasha claws you but does no damage. x2
You shoot a sling bullet. The sling bullet barely misses Natasha.
Natasha claws you.
You shoot a sling bullet. The sling bullet hits Natasha.
Natasha is heavily wounded.
Natasha closely misses you.
You shoot a sling bullet. The sling bullet barely misses Natasha.
Natasha claws you. Natasha casts a spell at you. The magic dart hits you.
2905 ||| READING scroll of teleportation.
As you read the scroll of teleportation, it crumbles to dust.
You feel strangely unstable. Natasha claws you but does no damage.
You shoot a sling bullet.
The sling bullet closely misses Natasha.
Natasha claws you but does no damage.
You shoot a sling bullet. The sling bullet barely misses Natasha.
Natasha claws you!
You die...

### .... ##
#..#### ...
#.h..># .# #.# #h#
..##..## #@#
...#...## ###.#
.......## ##.#.#
#.....####....# .
#.....'.......#
.###.....####....#
........## ##.#.#
##.....## ###.#
##...## #|#


You could see Natasha.

Vanquished Creatures
  4 adders
  A white imp (D:3)
  An ufetubus (D:3)
  A dart slug (D:1)
  4 endoplasms
  2 giant cockroaches
  3 goblins
  4 hobgoblins
  8 jackals (D:1)
  4 quokkas
  6 ball pythons
  7 bats
  5 kobolds
  7 rats
57 creatures vanquished.

Notes
Turn   | Place    | Note
-------+----------+-------------------------------------------
     0 | D:1      | qw the Gargoyle Hexslinger began the quest for the Orb.
     0 | D:1      | Reached XP level 1. HP: 12/12 MP: 2/2
     0 | D:1      | 0 ||| qw: Version: 0.3-a-52-g30416fa
     0 | D:1      | 0 ||| qw: Game counter: 6844
     0 | D:1      | 0 ||| qw: Melee chars always use a shield: true
     0 | D:1      | 0 ||| qw: God list: Okawaru
     0 | D:1      | 0 ||| qw: Allow faded altars: false
     0 | D:1      | 0 ||| qw: Do Orc after clearing Dungeon:15 true
     0 | D:1      | 0 ||| qw: Do second Lair branch before Depths: true
     0 | D:1      | 0 ||| qw: Lair rune preference: random
     0 | D:1      | 0 ||| qw: Goals: Normal
     0 | D:1      | 0 ||| PLANNING D:1-11
    69 | D:1      | Reached XP level 2. HP: 14/16 MP: 3/3
   154 | D:1      | Reached skill level 3 in Ranged Weapons
   170 | D:1      | HP: 3/16 [rat (2)]
   174 | D:1      | HP: 1/16 [rat (2)]
   447 | D:1      | 447 ||| UPGRADING to +0 leather armour.
   459 | D:1      | 459 ||| DROPPING +0 robe.
   460 | D:1      | 460 ||| UPGRADING to +0 ring mail.
   474 | D:1      | 474 ||| DROPPING +0 leather armour.
   481 | D:1      | Reached XP level 3. HP: 21/21 MP: 4/4
   481 | D:1      | Found a faded altar of an unknown god.
   626 | D:1      | 626 ||| READING scroll labelled TIETRANEXO.
   627 | D:1      | 627 ||| READING scroll labelled NYOL VAMMAEFY.
   632 | D:1      | 632 ||| READING scroll labelled OJEUWKUDA.
   633 | D:1      | 633 ||| READING scroll labelled ESHRAE MU BUSCHA.
   634 | D:1      | 634 ||| DROPPING scroll of poison.
   682 | D:2      | You fall into a shaft and drop 1 floor!
  1043 | D:2      | Found a broken altar of Ashenzari.
  1393 | D:2      | Found Etre's General Store.
  1401 | D:2      | 1401 ||| BUYING +0 pair of boots (63 gold).
  1401 | D:2      | Bought a +0 pair of boots for 63 gold pieces
  1401 | D:2      | 1401 ||| SHOPLISTING +0 shortbow of freezing (103 gold,
                  | have 17).
  1401 | D:2      | 1401 ||| SHOPLISTING potion of might (56 gold, have 17).
  1601 | D:2      | 1601 ||| UPGRADING to +0 pair of boots.
  1606 | D:2      | 1606 ||| READING scroll labelled ZIOFAA WEUSIAXT.
  1758 | D:3      | Found an ornate altar of the Wu Jian Council.
  1769 | D:3      | Reached skill level 1 in Armour
  1769 | D:3      | Reached XP level 4. HP: 23/26 MP: 5/5
  1874 | D:3      | Found an opulent altar of Gozag.
  2094 | D:3      | Reached skill level 4 in Ranged Weapons
  2636 | D:3      | 2636 ||| UPGRADING to ring of protection from cold.
  2637 | D:3      | 2637 ||| READING scroll labelled JOL AGUTO ABIO.
  2684 | D:4      | 2684 ||| STAIRDANCE
  2879 | D:4      | Noticed Natasha
  2882 | D:4      | 2882 ||| Stepping ~*~*~tactically~*~*~ (outnumbered).
  2884 | D:4      | 2884 ||| Stepping ~*~*~tactically~*~*~ (outnumbered).
  2904 | D:4      | HP: 4/26 [Natasha (5)]
  2905 | D:4      | 2905 ||| READING scroll of teleportation.
  2907 | D:4      | Slain by Natasha

Levels and vault maps discovered:
D:1:      wander_arrival_chamber, layout_basic,
          shapermc_ecumenical_altar_notcrosses, chequers_serial_rivers_marsh
D:2:      layout_basic, serial_shops, shop, basic_altar
D:3:      minmay_skewed_foursquare, layout_loops_corners,
          nicolae_gozag_cash_rules_everything_around_me,
          nicolae_wu_jian_immortal_techniques
D:4:      layout_loops_corners, minmay_temple_entry_poolview,
          minmay_misc_feat_enclosed, minmay_misc_feat_nine_boxes, uniq_natasha

Skill      XL: |  1  2  3  4 |
---------------+-------------+-----
Ranged Weapons | 3 4 |  4.4
Fighting       | 2 |  2.0
Armour         | 1 |  1.1
Dodging        | |  1.5
Spellcasting   | |  1.0
Hexes          | |  2.6

Action                     |  1- 3 |  4- 6 || total
---------------------------+-------+-------++-------
   Fire: Sling             |   165 |    95 ||   260
    Use: Scroll            |     5 |     2 ||     7
 Armour: Robe              |    40 |       ||    40
         Ring mail         |    68 |    42 ||   110
         Skin              |     1 |       ||     1
  Dodge: Dodged            |   152 |    40 ||   192

Table legend:
 A = Non-vault XP
 B = Vault XP
 C = Vault XP percentage of total XP
 D = Non-vault monster count
 E = Vault monster count
 F = Vault count percentage of total count
                 A         B        C        D         E       F
            +---------+---------+-------+---------+---------+-------
      Total |     156 |       4 |   2.5 |      55 |       2 |   3.5
            +---------+---------+-------+---------+---------+-------
        D:1 |      36 |       0 |   0.0 |      21 |       0 |   0.0
        D:2 |      35 |       0 |   0.0 |      13 |       0 |   0.0
        D:3 |      71 |       4 |   5.3 |      19 |       2 |   9.5
        D:4 |      14 |       0 |   0.0 |       2 |       0 |   0.0
            +---------+---------+-------+---------+---------+-------
